AoeStats
← FriarMan23

Migration

507261111Analyzed
1v1 RM · 15d ago on Sep 17, 2026· 66m 53s· 2 players
Game mode
Random Map
Map size
132×132
Population
200
Speed
Normal
Resources
Standard
Victory
Conquest
Starting age
Dark Age
Ending age
Imperial Age
RankedLock teamsTeams togetherTeam positionsShared explorationLock speedFull tech treeHidden civsTurbo modeCheats
Victory
Defeat
🇺🇸 Vikings · United States
367
+24
🇮🇳 Dravidians · India
557
-37
FriarMan23
13:30 Feudal Age
15:00 Man-at-Arms
15:26 Arson
16:47 Gold Mining
16:56 Double-Bit Axe
18:00 Horse Collar
21:25 Fishing Lines
24:52 Castle Age
23:09 Forging
22:59 Scale Mail Armor
23:04 Scale Barding Armor
22:49 Fletching
22:59 Padded Archer Armor
27:11 Gillnets
30:39 Gold Shaft Mining
29:56 Stone Mining
30:19 Bow Saw
29:30 Crossbowman
29:33 Elite Skirmisher
29:36 Light Cavalry
33:07 Iron Casting
32:47 Chain Mail Armor
32:52 Chain Barding Armor
32:27 Bodkin Arrow
32:47 Leather Archer Armor
34:26 Treadmill Crane
34:43 Murder Holes
35:09 Ballistics
35:27 Town Watch
35:58 Masonry
38:05 Long Swordsman
38:06 Pikeman
38:38 Gambesons
38:54 Squires
44:56 Imperial Age
42:29 Town Patrol
43:37 Chieftains
45:03 Cavalier
45:08 Elite Berserk
46:09 Conscription
45:13 Two-Handed Swordsman
45:16 Arbalester
49:36 Elite Longship
51:24 Chemistry
50:58 Ring Archer Armor
50:29 Bracer
51:29 Blast Furnace
51:00 Plate Mail Armor
55:16 Champion
LordRD
10:00 Feudal Age
10:45 Double-Bit Axe
11:43 Fishing Lines
15:21 Wheelbarrow
14:59 Horse Collar
23:43 Castle Age
23:17 Man-at-Arms
23:49 Arson
25:08 Bow Saw
26:33 Heavy Plow
27:53 Hand Cart
28:07 Stone Mining
32:53 Long Swordsman
33:21 Gambesons
38:14 Imperial Age
35:36 Town Watch
35:42 Town Watch
36:05 Squires
35:30 Pikeman
38:23 Halberdier
39:29 Conscription
39:16 Medical Corps
40:11 Two-Handed Swordsman
41:17 Forging
41:09 Scale Mail Armor
41:01 Fletching
41:45 Ballistics
41:24 Murder Holes
43:23 Wootz Steel
44:29 Elite Elephant Archer
50:23 Chemistry
49:51 Shipwright
49:42 Siphons
49:50 Clinker Construction
49:59 Masonry
55:11 Hoardings
62:49 Medium Warships
62:31 Gillnets
66:39 Husbandry
Connection lost

Rejoining the realm…

Still unreachable

The connection could not be restored.

Session expired

The server has moved on; the page needs a fresh start.